 Dungeon Crawl Stone Soup version 0.22.1-2-g9c5b331383 (webtiles) character file.

50 Naow the Chopper (level 4, -4/35 HPs)
             Began as a Formicid Fighter on Dec 1, 2018.
             Slain by Sigmund
             ... wielding a +1 scythe of venom
              (8 damage)
             ... on level 2 of the Dungeon on Dec 3, 2018.
             The game lasted 00:02:40 (1155 turns).

Naow the Chopper (Formicid Fighter)                 Turns: 1155, Time: 00:02:41

Health: -4/35      AC:  6    Str: 22    XL:     4   Next: 4%
Magic:  4/4        EV:  8    Int:  7    God:
Gold:   88         SH:  9    Dex: 10    Spells: 3/3 levels left

rFire    . . .     SeeInvis +   a - +0 war axe
rCold    . . .     Gourm    .   c - +0 shield
rNeg     . . .     Faith    .   b - +0 scale mail
rPois    .         Spirit   .   (helmet unavailable)
rElec    .         Reflect  .   (no cloak)
rCorr    .         Harm     .   (no gloves)
MR       .....                  (no boots)
Stlth    ..........             (no amulet)
HPRegen  0.11/turn              (no ring)
MPRegen  0.09/turn              (no ring)

@: lethally poisoned (-4 -> -27)
A: permanent stasis, dig shafts and tunnels, four strong arms, antennae 3
a: Dig, Shaft Self


You were on level 2 of the Dungeon.
You were hungry.

You visited 1 branch of the dungeon, and saw 2 of its levels.

You collected 88 gold pieces.

Inventory:

Hand Weapons
 a - a +0 war axe (weapon)
Armour
 b - a +0 scale mail (worn)
 c - a +0 shield (worn)
Scrolls
 g - 2 scrolls of amnesia {unknown}
 k - a scroll of remove curse {unknown}
 l - a scroll of blinking {unknown}
Potions
 d - a potion of might
 e - a potion of curing {unknown}
 h - a potion of brilliance {unknown}
 i - a potion of berserk rage {unknown}
 j - 2 potions of haste {unknown}
 m - 2 potions of lignification {unknown}
Comestibles
 f - a ration


   Skills:
 - Level 3.2 Fighting
 + Level 4.0 Axes
 - Level 3.2 Armour
 - Level 3.6 Shields


You had 3 spell levels left.
You didn't know any spells.
Your spell library was empty.

Dungeon Overview and Level Annotations

Branches:
Dungeon (2/15)

Altars:

Annotations:
D:2 Sigmund


Innate Abilities, Weirdness & Mutations

You cannot be hasted, slowed, berserked, paralysed or teleported.
You can dig through walls and to a lower floor.
Your four strong arms can wield two-handed weapons with a shield.
You have a pair of large antennae on your head. (SInv)


Message History

You are too confused!
You bump into the rock wall.
Sigmund hits you but does no damage.
You are more poisoned.
You closely miss Sigmund.
Sigmund is severely wounded.
You feel sick.
You feel sick.
Sigmund hits you with a scythe of venom!
You are lethally poisoned!
You feel sick.
Sigmund hits you with a scythe of venom!
* * * LOW HITPOINT WARNING * * *
You are more poisoned.
You closely miss Sigmund.
Sigmund is severely wounded.
You feel less confused.
* * * LOW HITPOINT WARNING * * *
You feel very sick.
Sigmund hits you with a scythe of venom!
You die...

........## ###
.#........ ..#
........## ##.##
........# ####...##
........# #.......
........###.##..(#
.................# .#
........##..###..##...##
...............@@.......
........##..###.###...##
....#.####..# #>.. ....
......# #..# ##### ##
#.##### #..#
#.########..#
#...........#######
###########........
#########


You could see Sigmund (invisible).

Vanquished Creatures
  An adder (D:2)
  An ooze (D:2)
  A worm (D:2)
  3 dart slugs (D:1)
  A leopard gecko (D:2)
  3 bats
  A goblin (D:1)
  5 hobgoblins (D:1)
  A quokka (D:2)
  A ball python (D:1)
  3 frilled lizards (D:2)
  4 kobolds (D:1)
  2 rats
27 creatures vanquished.

Vanquished Creatures (others)
  4 toadstools (D:1)
4 creatures vanquished.

Grand Total: 31 creatures vanquished

Notes
Turn   | Place    | Note
-------+----------+-------------------------------------------
     0 | D:1      | Naow the Formicid Fighter began the quest for the Orb.
     0 | D:1      | Reached XP level 1. HP: 18/18 MP: 1/1
    60 | D:1      | Reached XP level 2. HP: 16/24 MP: 2/2
   225 | D:1      | Reached skill level 3 in Axes
   471 | D:1      | Reached XP level 3. HP: 27/29 MP: 3/3
  1048 | D:2      | Reached skill level 4 in Axes
  1048 | D:2      | Reached XP level 4. HP: 27/35 MP: 4/4
  1140 | D:2      | Noticed Sigmund
  1155 | D:2      | Slain by Sigmund

Skill      XL: |  1  2  3 |
---------------+----------+-----
Axes           | 3 4 |  4.0
Fighting       | |  3.2
Armour         | |  3.2
Shields        | |  3.6

Action                   |  1- 3 |  4- 6 || total
-------------------------+-------+-------++-------
Melee: War axe           |    92 |    17 ||   109
Armor: Scale mail        |    39 |     5 ||    44
Dodge: Dodged            |    31 |     7 ||    38
Block: Shield            |    48 |     7 ||    55
